[Event "*** SCC Grand Prix: Titled Tuesday Blitz"]
[Site "Chess.com"]
[Date "2020.10.06"]
[Round "1"]
[White "draksbg"]
[Black "night_player"]
[Result "1-0"]
[WhiteElo "2603"]
[BlackElo "2282"]
[TimeControl "180+1"]
[EndTime "10:08:18 PDT"]
[Termination "draksbg won on time"]

1. e4 c5 2. Nf3 Nc6 3. d4 cxd4 4. Nxd4 e5 5. Nb5 d6 6. a4 Be7 7. N1c3 a6 8. Na3 Be6 9. Bc4 Nf6 10. Bg5 O-O 11. Bxf6 Bxf6 12. Nd5 Bxd5 13. Bxd5 Qc7 14.
O-O Ne7 15. c3 Rad8 16. Nc2 Bg5 17. Qd3 Kh8 18. Nb4 f5 19. exf5 Nxf5 20. Be4 Qf7 21. Nd5 g6 22. Rad1 Ng7 23. g3 Bh6 24. Kg2 Ne6 25.
Qe2 Nc5 26. Bc2 Rfe8 27. b4 Nd7 28. a5 Nf6 29. Bb3 Qg7 30. Nxf6 Qxf6 31. Bd5 Qe7 32. Qe4 Rd7 33. c4 Bg7 34. b5 axb5 35. cxb5 Rc7 36. Rc1 Rec8 37. Rxc7 Rxc7 38. Ra1 Rc8 39. a6 bxa6 40.
bxa6 Qa7 41. Bb7 Rd8 42. Ra2 Bf6 43. h4 Kg7 44. Qd5 Rd7 45. Rc2 Rf7 46. Qxd6 e4 47.
Bxe4 Bd4 48. f4 Rd7 49. Qc6 Re7 50. Bf3 Be3 51. Re2 Rc7 52. Qe6 Bc5 53. Qe5+ Kf7 54. Bd5+ 1-0

[Event "*** SCC Grand Prix: Titled Tuesday Blitz"]
[Site "Chess.com"]
[Date "2020.10.06"]
[Round "1"]
[White "Savagelittlemole"]
[Black "ViktoriyaTarasova"]
[Result "1-0"]
[WhiteElo "2583"]
[BlackElo "2283"]
[TimeControl "180+1"]
[EndTime "10:08:18 PDT"]
[Termination "Savagelittlemole won by resignation"]

1. e4 c5 2. Ne2 d6 3. g3 g6 4. Bg2 Bg7 5. O-O Nc6 6. c3 e5 7. d3 Nge7 8. f4 O-O 9. Nd2 f5 10. exf5 Nxf5 11. Nf3 h6 12. Qc2 Be6 13. Bd2 Qc7 14.
Rae1 Rae8 15. fxe5 dxe5 16. Nc1 Bf7 17. Nb3 b6 18. a4 Rd8 19. a5 Qd6 20. axb6 axb6 21. Bc1 Qxd3 22. Qxd3 Rxd3 23. Nbd2 Ne3 24. Rf2 Nxg2 25.
Kxg2 Bd5 26. Ne4 Bf7 27. Rd2 Rfd8 28. Rxd3 Rxd3 29. Nf2 Rd8 30. Ng4 Bd5 31. Bxh6 Rf8 32. Rf1 Bxh6 33. Nxh6+ Kg7 34. Ng4 e4 35. Ng5 e3+ 36. Kg1 e2 37. Re1 Rf5 38. Nh3 Bc4 39. Ne3 Rf1+ 40. Nxf1 exf1=Q+ 41. Rxf1 Bxf1 42. Kxf1 Ne5 43. Nf4 Nc4 44. b4 cxb4 45. cxb4 Kf6 46. Ke2 g5 47.
Nd5+ Ke5 48. Ne3 Nd6 49. Kf3 Kd4 50. h4 gxh4 51. gxh4 Kc3 52. h5 Nf7 53. Kf4 Kxb4 54. Kf5 Kc5 55. Kf6 Nh6 56. Kg6 Ng8 57. Kg7 b5 58. Kxg8 Kd4 59. Nc2+ Kc3 60. Na3 Kb4 61. Nxb5 Kxb5 62. h6 Kc4 63. h7 1-0

[Event "*** SCC Grand Prix: Titled Tuesday Blitz"]
[Site "Chess.com"]
[Date "2020.10.06"]
[Round "1"]
[White "Larina_Marija"]
[Black "arminmusovic"]
[Result "1/2-1/2"]
[WhiteElo "2184"]
[BlackElo "2525"]
[TimeControl "180+1"]
[EndTime "10:08:18 PDT"]
[Termination "Game drawn by agreement"]

1. e4 c6 2. d4 d5 3. Nd2 dxe4 4.
Nxe4 Nf6 5. Nxf6+ exf6 6. c3 Bd6 7. Bd3 O-O 8. Qc2 Re8+ 9. Ne2 Kh8 10. O-O Nd7 11.
h3 Nf8 12. Bd2 Bd7 13. Rae1 Qa5 14. a3 Qh5 15. Nf4 Qa5 16. c4 Qc7 17. g3 Rxe1 18. Rxe1 Re8 19. Qc1 Qd8 20. Rxe8 Qxe8 21. Qe1 Qxe1+ 22.
Bxe1 Bxf4 23. gxf4 Bxh3 24. f5 Bg4 25. Kg2 Bd1 26. d5 cxd5 27. cxd5 Ba4 28. Bc4 Kg8 29.
d6 Bc6+ 30. Kg3 Nd7 31. b4 Ne5 32. Be2 a6 33. Bd2 Kf8 34. Be3 Ke8 35. Bc5 Bb5 36.
Bd1 Kd7 37. a4 Bd3 38. a5 h5 39. f4 Nc6 40. Ba4 Bxf5 41. Kh4 g6 42. Bb3 Be6 43.
Bd1 Bd5 44. Bc2 Nd8 45. f5 gxf5 46. Bxf5+ Be6 47. Be4 f5 48. Bf3 f6 49. Kxh5 Bf7+ 50.
Kh6 Bc4 51. Kg7 Nf7 52. Kxf6 Nxd6 53. Bxd6 Kxd6 54. Bxb7 f4 55. Kg5 Ke5 56. Kg4 Be2+ 57. Bf3 Bxf3+ 58. Kxf3 Kd5 59. Kxf4 Kc4 60. Ke3 Kxb4 61.
Kd2 Kxa5 62. Kc2 Kb4 63. Kb2 1/2-1/2

[Event "*** SCC Grand Prix: Titled Tuesday Blitz"]
[Site "Chess.com"]
[Date "2020.10.06"]
[Round "1"]
[White "Harsha_Bharathakoti"]
[Black "Alindsay211"]
[Result "1-0"]
[WhiteElo "2753"]
[BlackElo "2390"]
[TimeControl "180+1"]
[EndTime "10:08:20 PDT"]
[Termination "Harsha_Bharathakoti won on time"]

1. d4 Nf6 2. c4 g6 3. Nc3 Bg7 4. e4 d6 5. Nf3 O-O 6. Be2 Nbd7 7.
O-O e5 8. Be3 Re8 9. d5 a5 10.
Nd2 Qe7 11. a3 h6 12. b4 b6 13. Nb3 axb4 14. axb4 Rxa1 15. Qxa1 Bb7 16. Qc1 Kh7 17. Qc2 Ra8 18. Nb5 Qd8 19. c5 bxc5 20. bxc5 Ba6 21. c6 Nf8 22. Rb1 Rb8 23. Na5 Bxb5 24. Bxb5 Qc8 25. f3 g5 26. Bd3 Ng6 27. Rb7 Ra8 28. Bd2 Nf4 29. Bf1 g4 30. g3 Ng6 31. Qb3 gxf3 32. Qxf3 h5 33. Bd3 h4 34. Kg2 hxg3 35. hxg3 Kg8 36. Rb1 Rb8 37. Rxb8 Qxb8 38. Bc2 Qb6 39. Qb3 Qd4 40. Qe3 Qb2 41. Qc3 Qa2 42. Qb3 Qa1 43. Qc3 Qa2 44. Nc4 Qa7 45. Be3 Qa6 46.
Bd3 Qa2+ 47. Qc2 Qa1 48. Qb2 Qe1 49. Qd2 Qa1 50. Qe2 Qa4 51. Qc2 Qa1 52. Be2 Qa8 53. Bf3 Qa1 54. Nd2 Qa6 55. Nb1 Qa8 56. Nc3 Qa6 57.
Qb2 Kh8 58. Nb5 1-0

[Event "*** SCC Grand Prix: Titled Tuesday Blitz"]
[Site "Chess.com"]
[Date "2020.10.06"]
[Round "1"]
[White "sergoy"]
[Black "WPWPWP-2015"]
[Result "1-0"]
[WhiteElo "2867"]
[BlackElo "2444"]
[TimeControl "180+1"]
[EndTime "10:08:21 PDT"]
[Termination "sergoy won by resignation"]

1. d4 Nf6 2. c4 e6 3. Nf3 b6 4. g3 Bb4+ 5. Bd2 Be7 6. Bg2 Ba6 7.
Qc2 Bb7 8. Nc3 c5 9. d5 exd5 10. Nh4 Nc6 11. Nf5 O-O 12. Nxd5 Nxd5 13. cxd5 Nd4 14.
Nxd4 cxd4 15. O-O Bf6 16. Qd3 Re8 17. Bf3 d6 18. Rac1 a5 19. Bf4 Ba6 20. Qd1 Qd7 21.
Rc6 g5 22. Rxd6 Qf5 23. Rxf6 Qxf6 24. Bd2 Qf5 25. Re1 g4 26. Bg2 Qe5 27. e4 dxe3 28. Qxg4+ Qg7 29. Qxg7+ Kxg7 30. Bxe3 Rad8 31. Rd1 Be2 32.
Rd2 Bc4 33. b3 Ba6 34. h4 b5 35. Bb6 Rd6 36. Bxa5 Bb7 37. Bb4 Rd7 38. d6 Bxg2 39.
Kxg2 Ra8 40. a3 f6 41. Rd5 Rb8 42. Rc5 Kf7 43. Rc3 Ke6 44. h5 f5 45. Re3+ Kd5 46.
f4 Rc8 47. Re5+ Kd4 48. Rxf5 Rc2+ 49. Kh3 Rb2 50. Rxb5 Kd3 51. Re5 Rxb3 52. Re7 Rd8 53. d7 Kc4 54. Ba5 Rg8 55. Be1 Rd3 56. Re8 Rgxg3+ 57. Bxg3 Rxd7 58. f5 Rf7 59. Kg4 Rg7+ 60. Kf4 Ra7 61.
f6 Rxa3 62. f7 Kd5 63. f8=Q Ra4+ 64. Kf5 1-0

[Event "*** SCC Grand Prix: Titled Tuesday Blitz"]
[Site "Chess.com"]
[Date "2020.10.06"]
[Round "1"]
[White "BocharovD"]
[Black "Rital44"]
[Result "1-0"]
[WhiteElo "2811"]
[BlackElo "2420"]
[TimeControl "180+1"]
[EndTime "10:08:22 PDT"]
[Termination "BocharovD won by resignation"]

1. d4 Nf6 2. c4 g6 3. Nf3 Bg7 4. g3 O-O 5. Bg2 d6 6. Nc3 Nc6 7. O-O e5 8. dxe5 Nxe5 9. b3 Nxf3+ 10. Bxf3 Ne4 11. Nxe4 Bxa1 12. Bg5 f6 13. Bh6 Be5 14.
Bxf8 Qxf8 15. Bg2 f5 16. Ng5 Qf6 17. Nf3 c6 18. Nxe5 dxe5 19. Qd2 Be6 20. Rd1 Qe7 21. e4 a5 22. exf5 Bxf5 23. h4 a4 24. b4 e4 25. a3 Re8 26. Qe3 Qe5 27. c5 Be6 28. Qxe4 Qxe4 29. Bxe4 Bb3 30. Rd4 Kf7 31. f3 Kf6 32. Rd7 Be6 33. Rxb7 Rd8 34. Bxc6 Rd1+ 35. Kf2 Rd2+ 36. Ke1 Ra2 37. Bxa4 Rxa3 38. Bd7 Bc4 39. Bc6 Ke5 40. Rd7 Rb3 41. b5 Bxb5 42. Bxb5 Rxb5 43.
Rxh7 Rxc5 44. h5 Rc1+ 45. Kd2 Rg1 46. g4 gxh5 47. Rxh5+ Kd4 48. Rh2 Ra1 49. Re2 Rf1 50. Re4+ Kd5 51. Ke3 Ra1 52. Kf4 Ra8 53. Re5+ Kd6 54.
g5 Rf8+ 55. Rf5 Ra8 56. Kg4 Ke6 57. f4 Ra1 58. Rf6+ Ke7 59. Kf5 Rf1 60. Kg6 Ra1 61. f5 Ra8 62. Rf7+ Kd6 63. Kg7 Ke5 64. g6 Ra1 65. f6 Kf5 66. Rb7 Rg1 67. Rb5+ Ke6 68. f7 1-0

[Event "*** SCC Grand Prix: Titled Tuesday Blitz"]
[Site "Chess.com"]
[Date "2020.10.06"]
[Round "1"]
[White "jerry_77"]
[Black "Andreikka"]
[Result "0-1"]
[WhiteElo "2451"]
[BlackElo "2891"]
[TimeControl "180+1"]
[EndTime "10:08:25 PDT"]
[Termination "Andreikka won by resignation"]

1. e4 e5 2. Nf3 Nc6 3. Bb5 a6 4.
Ba4 Nf6 5. O-O Be7 6. Re1 b5 7.
Bb3 d6 8. c3 O-O 9. d4 Bg4 10.
Be3 Bh5 11. Nbd2 Na5 12. Bc2 c5 13. dxc5 dxc5 14. Nb3 Qc7 15. h3 Nc4 16. Bc1 Rfd8 17. Qe2 h6 18. Bd3 Nb6 19. Nbd2 c4 20. Bc2 Nbd7 21. Nf1 Nc5 22. Ng3 Bg6 23. Nh4 Nd3 24. Rd1 Nxc1 25. Raxc1 Bh7 26. Nhf5 Bc5 27. Rxd8+ Rxd8 28. Rd1 Rxd1+ 29. Qxd1 Bg6 30. Qd2 Bf8 31. Kh2 Nd7 32. Nh4 Bh7 33. a4 Nc5 34. axb5 axb5 35. Qd5 g6 36. Nf3 Bd6 37. h4 Kg7 38. Kh1 h5 39. Ng5 Bg8 40. Qd2 f6 41. Nf3 Bf7 42. Nf1 Bf8 43. Ne3 Qa5 44. g4 Qa1+ 45. Kg2 Qxb2 46.
gxh5 gxh5 47. Nf5+ Kg8 48. Ne3 Ne6 49. Nd5 Kg7 50. Qd1 Bc5 51. Ne1 Bg6 52. Qf3 Nf4+ 53. Nxf4 exf4 54. Qxf4 Bf8 55. e5 Bxc2 56. Qxf6+ Kg8 57.
Qe6+ Kh8 58. Qf7 Be4+ 59. Kg3 Qxc3+ 60. Kf4 Bh6+ 61. Kxe4 Qxe1+ 62. Kd5 Qd2+ 63. Kc6 Qf4 64. e6 Qxf7 65. exf7 c3 0-1

[Event "*** SCC Grand Prix: Titled Tuesday Blitz"]
[Site "Chess.com"]
[Date "2020.10.06"]
[Round "1"]
[White "ChessAurochs"]
[Black "ChronicUnhappiness"]
[Result "0-1"]
[WhiteElo "2561"]
[BlackElo "2283"]
[TimeControl "180+1"]
[EndTime "10:08:28 PDT"]
[Termination "ChronicUnhappiness won by resignation"]

1. e4 c5 2. Nf3 Nc6 3. Bb5 g6 4. O-O Bg7 5. Nc3 Nf6 6. e5 Ng4 7. Bxc6 dxc6 8. Re1 Nh6 9. d3 O-O 10. Ne4 b6 11. c3 Ba6 12. d4 cxd4 13. cxd4 Nf5 14.
Bf4 Qd5 15. g4 Nh6 16. h3 f5 17. exf6 exf6 18. Nc3 Qd7 19. Qb3+ Kh8 20. Re6 Rae8 21. Rae1 Bc8 22. Rd6 Qf7 23. Bxh6 Rxe1+ 24. Nxe1 Bxh6 25. Qxf7 Rxf7 26. Rxc6 Bb7 27. Re6 Kg7 28. Nf3 Rd7 29. d5 Kf7 30. Ne5+ fxe5 31. Rxe5 Bg7 32. Re3 Bxd5 33. Rd3 Be6 34. Rf3+ Ke7 35. Re3 Bxc3 36.
Rxc3 Bd5 37. f4 Kd6 38. a3 Rc7 39. Rd3 Rc2 40. b4 b5 41. Rd4 Rc3 42. f5 gxf5 43.
gxf5 Rf3 44. Rh4 Rxf5 45. Rxh7 Rf3 46. Rxa7 Rxh3 47. Kf2 Rb3 48. Ke2 Bc4+ 49. Kd2 Kd5 50. Kc2 Kd4 51. Rd7+ Ke5 52. Re7+ Kd6 53. Ra7 Rh3 54.
Ra6+ Kd5 55. Ra8 Kd4 56. Rd8+ Bd5 57. Kb2 Rh2+ 58. Kc1 Kc4 59. Kd1 Be4 60. Rc8+ Kb3 61.
Rc5 Bd3 62. Kc1 Bc4 63. Kd1 Kxa3 0-1

[Event "*** SCC Grand Prix: Titled Tuesday Blitz"]
[Site "Chess.com"]
[Date "2020.10.06"]
[Round "1"]
[White "KonstantinB_1983"]
[Black "gixfantastix"]
[Result "1-0"]
[WhiteElo "2503"]
[BlackElo "2078"]
[TimeControl "180+1"]
[EndTime "10:08:32 PDT"]
[Termination "KonstantinB_1983 won on time"]

1. d4 Nf6 2. c4 g6 3. Nc3 d5 4. Bg5 Ne4 5. Bh4 Nxc3 6. bxc3 Bg7 7. e3 O-O 8. cxd5 Qxd5 9. Bxe7 Re8 10. Ba3 Nd7 11.
Nf3 c5 12. Be2 cxd4 13. O-O d3 14. Qxd3 Qxd3 15. Bxd3 Bxc3 16. Rac1 Bf6 17. Rc7 a6 18. Rfc1 Ne5 19. Be4 Nxf3+ 20. Bxf3 Be5 21. Bxb7 Bxc7 22.
Bxa8 Be5 23. Bc6 Rd8 24. f4 Bf6 25. Bb4 Be6 26. a4 Rd3 27. Kf2 Rb3 28. Bd6 Rb2+ 29. Kf3 h5 30. h3 Kg7 31. Be4 Bh4 32. g3 Bf6 33. g4 Ra2 34. Bc6 Ra3 35. g5 Bb2 36.
Bxa3 Bxa3 37. Rc3 Bb4 38. Rd3 Bc4 39. Rd4 Bb5 40. axb5 a5 41. Rc4 h4 42. b6 Bd6 43.
b7 a4 44. Rxa4 Bc7 45. Ra8 f6 46. b8=Q Bxb8 47. Rxb8 fxg5 48. fxg5 Kf7 49. Kg4 Ke6 50. Be4 Ke5 51. Bxg6 Ke6 52. Kxh4 Ke5 53. Kh5 Kd6 54. Kh6 Kc7 55. Re8 Kd7 56. h4 Kd6 57. h5 Kd5 58. Kg7 Kd6 59. h6 Kd7 60. h7 1-0

[Event "*** SCC Grand Prix: Titled Tuesday Blitz"]
[Site "Chess.com"]
[Date "2020.10.06"]
[Round "1"]
[White "As0nchess"]
[Black "chessmadara"]
[Result "1-0"]
[WhiteElo "2507"]
[BlackElo "2110"]
[TimeControl "180+1"]
[EndTime "10:08:33 PDT"]
[Termination "As0nchess won on time"]

1. e4 c5 2. Nf3 Nc6 3. d4 cxd4 4. Nxd4 g6 5. c4 Bg7 6. Be3 Nf6 7. Nc3 Kf8 8. Be2 Kg8 9. f3 d6 10. Qd2 Bd7 11. O-O Nxd4 12. Bxd4 Bc6 13. b4 a6 14. Rac1 h5 15. Be3 Kh7 16. Rfd1 Qc8 17. a3 Rd8 18. Bg5 b6 19. Nd5 Bxd5 20. cxd5 Qd7 21. Rc6 b5 22.
Rdc1 Rdc8 23. Qc2 Rxc6 24. Qxc6 Qa7+ 25. Kf1 Rf8 26. Qc7 Qxc7 27. Rxc7 Ng8 28. Ra7 Rc8 29. Rxa6 Rc3 30. Bxb5 Rb3 31. Bc4 Rc3 32. Rc6 Bf6 33. Bxf6 Nxf6 34. b5 Rxa3 35. b6 Ra1+ 36. Kf2 Rb1 37.
Ba6 Ne8 38. b7 Nf6 39. Rc8 Nd7 40. Rc7 Rb2+ 41. Kg3 Nc5 42. Bc4 Rxb7 43. Rxb7 Nxb7 44.
f4 Kh6 45. Kf3 Nc5 46. g3 g5 47. Bb5 Kg6 48. Be8 Kg7 49. fxg5 Nd3 50. h4 Ne5+ 51. Ke2 Ng4 52. Ba4 Ne5 53. Bc2 Ng4 54. Bd1 Ne5 55. Ke3 Kg6 56. Be2 Nd7 57. Kf4 Ne5 58. g4 hxg4 59. Bxg4 f6 60. h5+ Kg7 61. g6 Kh6 62.
Be2 Nd7 63. Kf5 Nf8 64. Bf3 Kg7 65. Kf4 Kh6 66. Bg4 Kg7 67. Ke3 Kh6 68. Kd4 Kg7 69.
Kc4 Kh6 70. Kb5 Kg7 71. Kc6 Kh6 72. Kc7 1-0

[Event "*** SCC Grand Prix: Titled Tuesday Blitz"]
[Site "Chess.com"]
[Date "2020.10.06"]
[Round "1"]
[White "tsvet2005"]
[Black "kreonx"]
[Result "1-0"]
[WhiteElo "2686"]
[BlackElo "2360"]
[TimeControl "180+1"]
[EndTime "10:08:34 PDT"]
[Termination "tsvet2005 won by resignation"]

1. d4 d5 2. c4 e6 3. Nc3 Nf6 4. cxd5 exd5 5. Bg5 Be7 6. e3 O-O 7. Bd3 c6 8. Qc2 h6 9. Bh4 Re8 10. Nge2 Nbd7 11. O-O Nf8 12. Rad1 Bg4 13. f3 Be6 14. h3 Rc8 15. e4 dxe4 16. fxe4 Nh5 17. Bxe7 Qxe7 18. e5 Qh4 19. Ne4 Red8 20. Nd6 Rxd6 21. exd6 Rd8 22. Bc4 Rxd6 23. Bxe6 Nxe6 24. Qf5 Nf6 25.
g3 Qe4 26. Qxe4 Nxe4 27. Kg2 Nf6 28. Rd3 Nd5 29. a3 a5 30. Nc3 Nf6 31. Rfd1 Kf8 32.
d5 cxd5 33. Nxd5 Nc5 34. Rd4 Ne6 35. R4d2 Ne4 36. Rc2 f6 37. Ne3 Rxd1 38. Nxd1 Ke7 39. Nf2 Nxf2 40. Kxf2 Kd7 41. Ke3 f5 42. g4 f4+ 43. Ke4 g5 44. Rd2+ Ke7 45. Kf5 Nc5 46. Kg6 Ke6 47. Kxh6 Ne4 48. Re2 Ke5 49. h4 gxh4 50.
g5 f3 51. Re1 f2 52. Rf1 h3 53. g6 h2 54. g7 Nf6 55. Kg6 Ke6 56. Rxf2 h1=Q 57.
Rxf6+ Ke5 58. Rf5+ Ke4 59. g8=Q Qg2+ 60. Rg5 Qc2 61.
Qe6+ Kf4+ 62. Qf5+ Qxf5+ 63. Rxf5+ Ke4 64. Rxa5 1-0

[Event "*** SCC Grand Prix: Titled Tuesday Blitz"]
[Site "Chess.com"]
[Date "2020.10.06"]
[Round "1"]
[White "Gurvich_Vitaly"]
[Black "ARTHURMOTIVATOR"]
[Result "1-0"]
[WhiteElo "2647"]
[BlackElo "2324"]
[TimeControl "180+1"]
[EndTime "10:08:35 PDT"]
[Termination "Gurvich_Vitaly won on time"]

1. e4 c6 2. Nf3 d5 3. d3 g6 4. e5 Bg7 5. c3 Nh6 6. h4 Bg4 7. d4 O-O 8. Be2 f6 9. Nh2 Bxe2 10.
Qxe2 fxe5 11. dxe5 Nd7 12. Nf3 Rxf3 13. gxf3 Nf5 14. f4 e6 15. h5 Kf7 16. hxg6+ hxg6 17. Be3 c5 18. Na3 d4 19. cxd4 cxd4 20. Bd2 Rc8 21.
Rg1 Qb6 22. Nc4 Qa6 23. b3 b5 24. Nb2 Qb7 25. Qg4 Nf8 26. Qg2 Qd7 27. Nd3 Nh4 28.
Qh3 Qd5 29. Rg3 Qe4+ 30. Kf1 Nf5 31. Rf3 Rc2 32. Re1 Ne3+ 33. Rexe3 dxe3 34. Rxe3 Qb7 35. Bb4 Rxa2 36. Nc5 Ra1+ 37. Ke2 Qd5 38. Rd3 Qh1 39. Qxh1 Rxh1 40. Ne4 Rh4 41. Ng5+ Kg8 42. Kf3 Rh5 43.
Bxf8 Bxf8 44. Nxe6 Be7 45. Rd7 Kf7 46. Nd4 Ke8 47.
Rb7 a6 48. Nc6 Rh3+ 49. Ke4 Bc5 50. Kd5 Bxf2 51. Ke6 Kf8 52. Rf7+ Kg8 53. Ne7+ Kh8 54. Nxg6+ Kg8 55. f5 Bc5 56. Ne7+ Bxe7 57. Rxe7 Rh6+ 58. f6 Kf8 59. Ra7 Kg8 60. Rxa6 Rg6 61. Ra8+ Kh7 62. Ke7 Rg5 63. e6 Re5 64. f7 1-0

[Event "*** SCC Grand Prix: Titled Tuesday Blitz"]
[Site "Chess.com"]
[Date "2020.10.06"]
[Round "1"]
[White "vinniethepooh"]
[Black "Ze-Pequeno"]
[Result "1-0"]
[WhiteElo "2571"]
[BlackElo "2254"]
[TimeControl "180+1"]
[EndTime "10:08:36 PDT"]
[Termination "vinniethepooh won by checkmate"]

1. d4 Nf6 2. c4 Nc6 3. Nf3 e6 4. Nc3 Bb4 5. e3 O-O 6. Bd3 d6 7. O-O e5 8. d5 Ne7 9. e4 Bxc3 10. bxc3 Ng6 11. a4 a5 12. c5 dxc5 13. c4 b6 14. Bb2 Qe7 15. h3 Ne8 16. Qd2 Nd6 17. Rfe1 Qf6 18. Re3 Qe7 19. Qc3 f6 20. Nd2 Bd7 21. Kh2 Nf4 22. Bf1 Rae8 23. g3 Ng6 24. h4 Nh8 25. f4 Nhf7 26. f5 Nh6 27. Be2 g6 28. g4 gxf5 29. exf5 Rf7 30. Ne4 Rg7 31.
Rg1 Rf8 32. Qc2 Nxe4 33. Rxe4 Nf7 34. Bf3 Nd6 35. Re2 Rff7 36. Bc1 Kh8 37. Bh6 Rg8 38.
Be4 Qe8 39. Qd3 Bxa4 40. g5 fxg5 41. hxg5 Bd7 42. g6 hxg6 43. fxg6 Rfg7 44. Rg5 Nxe4 45. Bxg7+ Rxg7 46. Qxe4 Kg8 47. Reg2 Qf8 48. Rh5 Qd6 49. Qh4 Kf8 50. Rh8+ Rg8 51. Qh6+ Ke7 52. Rxg8 e4+ 53. Kh1 Qe5 54. Qg5+ Qxg5 55. Rxg5 Kf6 56. Rg3 Bf5 57. g7 e3 58. Rf8+ Ke5 59. g8=Q Be4+ 60. Kh2 e2 61.
Re8+ Kd4 62. Rxe4+ Kxe4 63. Qg4+ Ke5 64. Qxe2+ Kd6 65.
Qe6# 1-0

[Event "*** SCC Grand Prix: Titled Tuesday Blitz"]
[Site "Chess.com"]
[Date "2020.10.06"]
[Round "1"]
[White "MrChampion_Coach"]
[Black "alexrustemov"]
[Result "1/2-1/2"]
[WhiteElo "2390"]
[BlackElo "2732"]
[TimeControl "180+1"]
[EndTime "10:08:40 PDT"]
[Termination "Game drawn - timeout vs insufficient material"]

1. d4 d5 2. c4 e6 3. Nc3 Be7 4. Bf4 Nf6 5. cxd5 Nxd5 6. Bd2 O-O 7. e4 Nb6 8. Nf3 c5 9. Be3 cxd4 10. Nxd4 Bd7 11.
Be2 Nc6 12. Nf3 Bf6 13. O-O Ne5 14. Nxe5 Bxe5 15. f4 Bxc3 16. bxc3 Bc6 17. Bd3 f5 18. Qc2 fxe4 19. Bxe4 Bxe4 20. Qxe4 Qd5 21. Qb4 Nc4 22. Bd4 Rf7 23. Rad1 Qc6 24. g3 a6 25. a4 Rd8 26. Qc5 Qxc5 27. Bxc5 Rfd7 28. Bd4 e5 29.
fxe5 Nxe5 30. Rde1 Nc6 31. Bb6 Rf8 32. Bc5 Rxf1+ 33. Rxf1 Rf7 34. Re1 Rd7 35. Rf1 h6 36. Rf2 Rd5 37. Be3 Ne5 38. Kg2 Ng4 39. Rf3 Rd3 40. Bd4 Rd2+ 41. Kh3 Nxh2 42. Rf4 g5 43. Rf6 Kh7 44. Rf7+ Kg6 45. Rf6+ Kh5 46. Rf2 Rxf2 47. Bxf2 Ng4 48. Bd4 b5 49. a5 Nh2 50. Kxh2 Kg4 51. Kg2 h5 52. Bf6 h4 53. gxh4 gxh4 54. Kh2 h3 55. Be7 Kf5 56. Kxh3 Ke6 57. Bb4 Kd5 58.
Kg4 Kc6 59. Kf5 Kd7 60. Kf6 Kc6 61. Ke5 Kc7 62. Kd5 Kd7 63. Kc5 Kc7 64. Kd5 Kb7 65. Bc5 Kc7 66. Bb6+ Kb7 67. Kc5 Kb8 68. Kc6 Ka8 69. Bc5 Kb8 70. Bb4 Ka7 71. Kc7 Ka8 72.
Kb6 Kb8 73. Kxa6 Kc7 74. Kxb5 Kb7 1/2-1/2

[Event "*** SCC Grand Prix: Titled Tuesday Blitz"]
[Site "Chess.com"]
[Date "2020.10.06"]
[Round "1"]
[White "FloMaster111"]
[Black "kirillgenius"]
[Result "1-0"]
[WhiteElo "2572"]
[BlackElo "2254"]
[TimeControl "180+1"]
[EndTime "10:08:41 PDT"]
[Termination "FloMaster111 won by resignation"]

1. Nf3 d5 2. e3 c6 3. c4 Nf6 4.
Nc3 Bg4 5. cxd5 cxd5 6. Qb3 Qb6 7. Nxd5 Qxb3 8. Nxf6+ gxf6 9. axb3 Nc6 10. Bb5 Bd7 11. d4 e6 12. O-O a6 13. Bd2 Bd6 14. Bd3 Ke7 15. e4 Rac8 16. Bc3 Rhg8 17. Rfe1 h5 18. Nd2 Nb4 19. Bb1 Nc6 20. Nc4 Bc7 21. d5 Ne5 22. Bb4+ Ke8 23. f4 Nxc4 24. bxc4 Bxf4 25. b3 Be5 26.
Ra2 h4 27. h3 Rg3 28. Bc2 Bc3 29. Bxc3 Rxc3 30. Bd1 Ke7 31. Rd2 Rg8 32. Kh2 b6 33. Rf1 Rg6 34. Rf4 Rh6 35. Rdf2 a5 36. e5 Rc1 37. exf6+ Kd6 38. Bf3 e5 39. Re4 Rc3 40. Rfe2 Rxb3 41. Rxe5 a4 42. Re7 a3 43. Rxf7 Rb2 44.
Re3 a2 45. Ra3 Bf5 46. Raa7 Ke5 47. Rf8 Kf4 48. f7 Rg6 49. Rg8 Rf6 50. f8=Q Rxf8 51. Rxf8 Ke5 52. Re8+ Kd4 53. Rd8 Bb1 54. d6 Rc2 55. d7 Rxc4 56. Re8 Kc3 57. d8=Q Kb2 58. Re2+ Rc2 59. Qh8+ Kc1 60. Rxc2+ Kxc2 61. Qd8 1-0

[Event "*** SCC Grand Prix: Titled Tuesday Blitz"]
[Site "Chess.com"]
[Date "2020.10.06"]
[Round "1"]
[White "dennisodessa"]
[Black "DanielDardha2005"]
[Result "0-1"]
[WhiteElo "2344"]
[BlackElo "2667"]
[TimeControl "180+1"]
[EndTime "10:08:42 PDT"]
[Termination "DanielDardha2005 won by checkmate"]

1. c4 c5 2. g3 g6 3. Bg2 Bg7 4. Nf3 Nc6 5. O-O d6 6. Nc3 Nh6 7. Rb1 Nf5 8. d3 O-O 9. Bd2 h5 10. a3 Rb8 11. b4 b6 12. Ng5 Bb7 13. b5 Ne5 14. Nge4 h4 15. Bg5 hxg3 16. hxg3 Nd4 17. Nd5 f6 18. Be3 Nf5 19. Bd2 e6 20. Nf4 Qe8 21.
g4 Nxg4 22. e3 Ne5 23. Qe2 d5 24. cxd5 exd5 25. Ng3 Nxg3 26. fxg3 Rd8 27. Bc3 f5 28. d4 Ng4 29. Rbe1 c4 30. a4 Rf6 31. Bf3 Nh6 32.
Qg2 Qd7 33. Kf2 g5 34. Nh5 Rf7 35. Nxg7 Kxg7 36. Rh1 Qe6 37. Ke2 g4 38. Kd2 gxf3 39.
Qxf3 Qe4 40. Qh5 Rd6 41. g4 fxg4 42. Kc1 Rf2 43. Qe5+ Qxe5 44. dxe5 Re6 45. Ref1 Rxf1+ 46. Rxf1 Kg6 47. Rf8 g3 48. Rf3 Nf5 49. Rf1 Kg5 50. Rg1 Kg4 51. Kd1 Nxe3+ 52. Ke1 Nf5 53. Bd2 d4 54.
Ke2 Rxe5+ 55. Kd1 c3 56. Bc1 Ne3+ 57. Bxe3 Rxe3 58. Rh1 Bxh1 59. a5 g2 60. axb6 g1=Q+ 61. Kc2 Be4+ 62. Kb3 Qb1+ 63. Kc4 Bd3+ 64. Kc5 Qxb5+ 65. Kd6 Qxb6+ 66. Kd5 Qb5+ 67. Kd6 Bc4 68. Kc7 Re7+ 69. Kc8 Qd7+ 70. Kb8 Qb7# 0-1

[Event "*** SCC Grand Prix: Titled Tuesday Blitz"]
[Site "Chess.com"]
[Date "2020.10.06"]
[Round "1"]
[White "AlexSuv"]
[Black "shineatchess"]
[Result "1/2-1/2"]
[WhiteElo "2524"]
[BlackElo "2182"]
[TimeControl "180+1"]
[EndTime "10:08:50 PDT"]
[Termination "Game drawn - insufficient material"]

1. d4 Nf6 2. c4 e6 3. Nc3 d5 4. cxd5 exd5 5. Bg5 c6 6. e3 Be7 7. Bd3 Nbd7 8. Nf3 Ne4 9. Bf4 Ndf6 10. O-O O-O 11. Ne5 Bd6 12. Qc2 Re8 13. Rae1 Nxc3 14.
bxc3 h6 15. h3 Be6 16. a4 Qa5 17. Rb1 Qc7 18. Be2 Rad8 19. Nd3 Bf5 20. Bxd6 Qxd6 21. Rxb7 Ne4 22. Qb2 Qg6 23. Nf4 Qd6 24. Bf3 g5 25. Nh5 Bg6 26. Bxe4 Rxe4 27. Ng3 Ree8 28. Qb4 Qe6 29.
Rxa7 h5 30. Re1 h4 31. Nf1 Be4 32. f3 Bxf3 33. gxf3 Qxh3 34. Kf2 g4 35. fxg4 Qxg4 36. Re7 Rxe7 37. Qxe7 Rd7 38. Qe8+ Kg7 39. e4 Rd6 40.
e5 Rg6 41. Ne3 Qf4+ 42. Ke2 Rg3 43. Kd3 Qf3 44. Qe7 h3 45. Qf6+ Qxf6 46. exf6+ Kxf6 47. Rf1+ Kg5 48. Ke2 h2 49. Rh1 Rh3 50. Kf2 Kf4 51.
Ng2+ Ke4 52. a5 Kd3 53. a6 Kxc3 54. a7 Rh8 55. Rxh2 Ra8 56. Rh3+ Kxd4 57. Ra3 Kc5 58. Ke3 Kb6 59. Kd4 Rxa7 60. Rxa7 Kxa7 61. Kc5 Kb7 62.
Ne3 Kc7 63. Nxd5+ cxd5 64. Kxd5 f5 65. Ke5 f4 66. Kxf4 1/2-1/2

[Event "*** SCC Grand Prix: Titled Tuesday Blitz"]
[Site "Chess.com"]
[Date "2020.10.06"]
[Round "1"]
[White "XDPS"]
[Black "googlegoom"]
[Result "1/2-1/2"]
[WhiteElo "2796"]
[BlackElo "2421"]
[TimeControl "180+1"]
[EndTime "10:08:51 PDT"]
[Termination "Game drawn by repetition"]

1. e4 c5 2. Nf3 Nc6 3. Bb5 Qb6 4.
Nc3 Nd4 5. Bc4 e6 6. O-O g6 7. Nxd4 cxd4 8. Ne2 Bg7 9. d3 Ne7 10. Kh1 d5 11. exd5 Nxd5 12. Bxd5 exd5 13. Nf4 Be6 14.
Qf3 O-O 15. Nxd5 Qc5 16. Nf6+ Kh8 17. c4 dxc3 18. Ne4 Qc6 19. bxc3 Bd5 20. Qg3 Bxe4 21. dxe4 Qxe4 22. Be3 Be5 23. Qh3 Bxc3 24. Rac1 Bg7 25. Rc7 Qd5 26. a4 b6 27. Qg4 h5 28. Qd7 Qxd7 29.
Rxd7 Rfd8 30. Rxf7 Kg8 31. Rb7 Rab8 32. Rxa7 b5 33. axb5 Rxb5 34. g3 h4 35. Kg2 hxg3 36. hxg3 Rf5 37. Rb1 Rf7 38. Ra6 Rf6 39. Rxf6 Bxf6 40.
Rb6 Kf7 41. Rc6 Rd7 42. Bf4 Re7 43. Be3 Rd7 44. f4 Rb7 45. Kf3 Rd7 46. Ra6 Re7 47. Bc5 Rc7 48. Bd6 Rd7 49. g4 Rb7 50. g5 Bg7 51. Bc5 Bh8 52. Kg4 Bg7 53. Rc6 Rd7 54.
Bb6 Rb7 55. Bc7 Bf8 56. Be5 Bg7 57. Bxg7 Kxg7 58. Re6 Rf7 59. Re1 Rb7 60. Rc1 Ra7 61. Rc6 Rd7 62. Rb6 Re7 63. Rf6 Rd7 64. Rb6 Re7 65.
f5 gxf5+ 66. Kxf5 Rc7 67. Kg4 Rc4+ 68. Kh5 Rc7 69. Rg6+ Kh7 70. Rf6 Kg7 71. Ra6 Rd7 72. Rb6 Rc7 73. Rb8 Rd7 74. Rb5 Rc7 75. Rf5 Rd7 76. Rf6 Rc7 77. Rg6+ Kh7 78. Rf6 Kg7 1/2-1/2